 Dungeon Crawl Stone Soup version 0.28.0-43-g3370ac3207 (webtiles) character file.

Game seed: 9489720463034711781

840 Acheron the Chopper (level 7, -7/61 HPs)
             Began as a Minotaur Monk on Mar 24, 2022.
             Was a Believer of Okawaru.
             Mangled by an iguana (15 damage)
             ... on level 5 of the Dungeon.
             The game lasted 00:14:33 (4167 turns).

Acheron the Chopper (Minotaur Monk)                 Turns: 4167, Time: 00:14:34

Health: -7/61      AC: -15   Str: 16    XL:     7   Next: 67%
Magic:  7/7        EV: 12    Int:  7    God:    Okawaru [**....]
Gold:   250        SH:  0    Dex: 14    Spells: 3/6 levels left

rFire   . . .      SeeInvis +   a - +1 hand axe
rCold   + . .      Faith    .   (no shield)
rNeg    . . .      Spirit   .   d - +0 ring mail
rPois   .          Reflect  .   (helmet restricted)
rElec   .          Harm     .   (no cloak)
rCorr   .          Rampage  .   c - +1 pair of gloves
Will    .....                   (no boots)
Stlth   ++........              (no amulet)
HPRegen 0.20/turn               i - ring of see invisible
MPRegen 0.10/turn               k - ring of protection from cold

@: corroded
A: horns 2, retaliatory headbutt
a: Renounce Religion, Heroism


You were on level 5 of the Dungeon.
You worshipped Okawaru.
Okawaru was pleased with you.
You visited 1 branch of the dungeon, and saw 5 of its levels.

You collected 250 gold pieces.

Inventory:

Hand Weapons
 a - a +1 hand axe (weapon)
 g - a +2 dagger of venom
Missiles
 b - 5 boomerangs
 e - 5 poisoned darts
 t - 6 javelins (quivered)
Armour
 c - a +1 pair of gloves (worn)
 d - a +0 ring mail (worn)
Jewellery
 i - a ring of see invisible (left hand)
 j - a ring of willpower
 k - a ring of protection from cold (right hand)
 o - a +4 ring of evasion
Wands
 f - a wand of acid (6)
Scrolls
 m - a scroll of enchant armour
Potions
 h - 2 potions of flight {unknown}
 l - 2 potions of curing
 n - 3 potions of heal wounds
 q - a potion of ambrosia {unknown}


   Skills:
 * Level 5.4 Fighting
 + Level 6.2 Axes
 * Level 1.4 Throwing
 * Level 4.2 Armour
 * Level 4.9 Dodging
 * Level 2.9 Stealth
 * Level 1.0 Transmutations
 * Level 1.4 Invocations
 * Level 1.1 Evocations


You had 3 spell levels left.
You knew the following spells:

 Your Spells              Type           Power      Damage    Failure   Level
a - Beastly Appendage     Tmut           2%         N/A       50%         1
b - Wereblood             Tmut           1%         N/A       63%         2

Your spell library contained the following spells:

 Spells                   Type           Power      Damage    Failure   Level
 Spider Form              Tmut/Pois      0%         N/A       90%         3


Dungeon Overview and Level Annotations

Branches:
Dungeon (5/15)
 Temple: D:4-7

Altars:
Okawaru

Shops:
D:2 (

Annotations:
D:3 exclusion: downstairs
D:4 Blork the orc


Innate Abilities, Weirdness & Mutations

You have a pair of horns on your head.
You reflexively headbutt those who attack you in melee.


Message History

Okawaru accepts your kill. The jelly hits you but does no damage.
You hit the jelly. The acid corrodes you!
Your hands burn!
The jelly is moderately wounded.
The jelly hits you.
You are splashed with acid!
You hit the jelly but do no damage. The acid corrodes you!
Your hands burn!
You headbutt the jelly, but do no damage.
The jelly is moderately wounded.
The jelly barely misses you.
You hit the jelly but do no damage.
Your hands burn!
The jelly is moderately wounded.
The jelly barely misses you.
You hit the jelly. The acid corrodes you!
Your hands burn!
The jelly is heavily wounded.
The jelly barely misses you.
You hit the jelly but do no damage. The acid corrodes you!
Your hands burn!
You headbutt the jelly, but do no damage.
The jelly is moderately wounded.
You hit the iguana but do no damage. The iguana barely misses you.
You furiously retaliate!
You headbutt the iguana, but do no damage.
The jelly closely misses you.
You hit the jelly but do no damage.
Your hands burn!
The jelly is moderately wounded.
You hit the iguana. The iguana barely misses you. You furiously retaliate!
You headbutt the iguana, but do no damage.
The jelly misses you.
You hit the jelly but do no damage. The acid corrodes you!
Your hands burn!
The jelly is moderately wounded.
You hit the iguana but do no damage. The iguana bites you! The jelly hits you.
* * * LOW HITPOINT WARNING * * *
You are splashed with acid.
* * * LOW HITPOINT WARNING * * *
Unknown command.
You hit the jelly but do no damage. The acid corrodes you!
Your hands burn!
* * * LOW HITPOINT WARNING * * *
You headbutt the jelly, but do no damage.
The jelly is moderately wounded.
You hit the iguana but do no damage. The iguana bites you!
You die...

##......#.
.........
#......#
#......#
#...!..#
#......##+####
#...lJ.......#
#
#...@........#
#
#######......#
# #......# #
#......########
#.............#
#############.#
#.# ######..
#.....##


You could see an iguana and a jelly.

Vanquished Creatures
  A necrophage (D:4)
  An ogre (D:4)
  4 killer bees (D:4)
  A hound (D:2)
  2 orc priests (D:3)
  Natasha (thrice) (D:2)
  5 orc wizards
  3 gnolls (D:3)
  A howler monkey skeleton (D:5)
  6 adders
  An ufetubus (D:5)
  4 worms
  2 dart slugs
  5 orcs
  8 endoplasms
  A giant cockroach (D:2)
  7 goblins
  7 hobgoblins
  4 jackals (D:2)
  7 kobolds
  4 quokkas
  7 ball pythons
  4 bats
  3 frilled lizards (D:2)
  9 rats
100 creatures vanquished.

Vanquished Creatures (others)
  12 plants (D:2)
12 creatures vanquished.

Grand Total: 112 creatures vanquished

Notes
Turn   | Place    | Note
-------+----------+-------------------------------------------
     0 | D:1      | Acheron the Minotaur Monk began the quest for the Orb.
     0 | D:1      | Reached XP level 1. HP: 19/19 MP: 0/0
   235 | D:1      | Reached XP level 2. HP: 27/27 MP: 1/1
   557 | D:1      | Reached skill level 4 in Axes
   874 | D:2      | Reached XP level 3. HP: 33/33 MP: 2/2
   944 | D:2      | Found a faded altar of an unknown god.
  1077 | D:2      | Found Faitsamm's Weapon Shoppe.
  1210 | D:2      | Reached skill level 1 in Armour
  1429 | D:2      | Reached XP level 4. HP: 38/41 MP: 3/3
  1814 | D:2      | Noticed Natasha
  1834 | D:2      | Killed Natasha
  1835 | D:2      | Reached XP level 5. HP: 37/47 MP: 4/4
  2059 | D:2      | Noticed Natasha
  2080 | D:2      | Killed Natasha
  2111 | D:2      | Noticed Natasha
  2126 | D:2      | Killed Natasha
  2598 | D:3      | Reached skill level 5 in Axes
  2599 | D:3      | Reached XP level 6. HP: 41/55 MP: 5/5
  2994 | D:3      | Reached skill level 5 in Fighting
  3049 | D:3      | Found an iron altar of Okawaru.
  3102 | D:3      | Became a worshipper of Warmaster Okawaru
  3102 | D:3      | Reached * piety under Okawaru
  3102 | D:3      | Reached ** piety under Okawaru
  3544 | D:4      | Learned a level 1 spell: Beastly Appendage
  3547 | D:4      | Learned a level 2 spell: Wereblood
  3578 | D:4      | Reached XP level 7. HP: 61/61 MP: 6/6
  3647 | D:4      | Reached skill level 1 in Throwing
  3720 | D:4      | Reached skill level 1 in Invocations
  3723 | D:4      | Reached skill level 6 in Axes
  3723 | D:4      | Reached skill level 1 in Evocations
  3730 | D:4      | Reached skill level 1 in Transmutations
  4063 | D:5      | Entered Level 5 of the Dungeon
  4113 | D:4      | Noticed Blork the orc
  4167 | D:5      | Mangled by an iguana

Illustrated notes

Levels and vault maps discovered:
D:1:      scummos_arrival_simple_crosswalls, layout_basic
D:2:      minmay_razor_zed, layout_basic, chequers_ecumenical_altar_lobes,
          serial_bayou, serial_bayou_pond_c, serial_bayou_crossing,
          serial_bayou_pond_b, serial_bayou_lagoon_a, serial_shops,
          nicolae_shop_bloodbath_and_beyond, moated_statue, uniq_natasha
D:3:      layout_basic, lemuel_tele_altar
D:4:      layout_loops_ring, minmay_hedge_maze, uniq_blork_the_orc
D:5:      layout_basic

Skill      XL: |  1  2  3  4  5  6  7 |
---------------+----------------------+-----
Fighting       | 4 5 |  5.4
Axes           | 4 5 6 |  6.2
Dodging        | 4 |  4.9
Armour         | 1 2 3 4 |  4.2
Stealth        | 2 |  2.9
Throwing       | 1 |  1.4
Invocations    | 1 |  1.4
Evocations     | 1 |  1.1
Transmutations | 1 |  1.0

Action                   |  1- 3 |  4- 6 |  7- 9 || total
-------------------------+-------+-------+-------++-------
Melee: Hand axe          |    79 |   133 |    56 ||   268
       Headbutt          |     8 |    24 |     7 ||    39
       Punch             |     1 |     4 |     2 ||     7
Invok: Heroism           |       |       |     1 ||     1
  Use: Scroll            |       |    11 |       ||    11
 Stab: Sleeping          |       |     2 |       ||     2
Armor: Robe              |     9 |       |       ||     9
       Ring mail         |    22 |    33 |    13 ||    68
Dodge: Dodged            |    54 |    80 |    47 ||   181
